 Dungeon Crawl Stone Soup version 0.26-a0-834-g69557b85cc (webtiles) character file.

Game seed: 13056908881044059763

32 robertstho the Firebug (level 3, -9/19 HPs)
             Began as a Deep Elf Fire Elementalist on Nov 16, 2020.
             Mangled by a worm (10 damage)
             ... on level 2 of the Dungeon.
             The game lasted 00:02:31 (1474 turns).

robertstho the Firebug (Deep Elf Fire Elementalist) Turns: 1474, Time: 00:02:31

Health: -9/19      AC:  2    Str:  5    XL:     3   Next: 10%
Magic:  1/10       EV: 13    Int: 20    God:
Gold:   90         SH:  0    Dex: 15    Spells: 8/9 levels left

rFire    . . .     SeeInvis .   e - +0 dagger
rCold    . . .     Faith    .   (no shield)
rNeg     . . .     Spirit   .   a - +0 robe
rPois    .         Reflect  .   (no helmet)
rElec    .         Harm     .   (no cloak)
rCorr    .         Rampage  .   (no gloves)
MR       .....                  (no boots)
Stlth    ++........             (no amulet)
HPRegen  0.06/turn              (no ring)
MPRegen  0.12/turn              (no ring)

@: no status effects
A: no striking features
a: no special abilities


You were on level 2 of the Dungeon.
You visited 1 branch of the dungeon, and saw 2 of its levels.

You collected 90 gold pieces.

Inventory:

Hand Weapons
 e - a +0 dagger (weapon)
Armour
 a - a +0 robe (worn)
Scrolls
 b - 2 scrolls of remove curse {unknown}
 c - 4 scrolls of identify {unknown}
 d - a scroll of amnesia {unknown}
 f - 2 scrolls of fear {unknown}
 k - a scroll of random uselessness {unknown}
Potions
 g - 2 potions of attraction {unknown}
 h - 4 potions of lignification {unknown}
 i - a potion of flight {unknown}
 j - a potion of cancellation {unknown}


   Skills:
 + Level 3.0 Dodging
 + Level 2.5 Stealth
 * Level 3.6 Spellcasting
 + Level 1.2 Conjurations
 * Level 3.9 Fire Magic


You had 8 spell levels left.
You knew the following spells:

 Your Spells              Type           Power        Failure   Level
a - Foxfire               Conj/Fire      ##..         4%          1

Your spell library contained the following spells:

 Spells                   Type           Power        Failure   Level
 Conjure Flame            Conj/Fire      ##......     14%         3
 Inner Flame              Hex/Fire       ##......     19%         3
 Sticky Flame             Conj/Fire      ##......     41%         4
 Fireball                 Conj/Fire      ##........   77%         5


Dungeon Overview and Level Annotations

Branches:
Dungeon (2/15)

Altars:
Trog


Message History

Confirm with . or Enter, or press ? or * to list all spells.
You conjure some foxfire!
You hit the worm but do no damage.
The worm is severely wounded.
The foxfire hits the worm.
The worm is almost dead.
The worm bites you.
* * * LOW HITPOINT WARNING * * *
Casting: Foxfire (safe; 4% risk of failure)
Confirm with . or Enter, or press ? or * to list all spells.
You conjure some foxfire!
The worm barely misses you.
You hit the worm but do no damage.
The worm is severely wounded.
The foxfire hits the worm but does no damage.
The worm is severely wounded.
Casting: Foxfire (safe; 4% risk of failure)
Confirm with . or Enter, or press ? or * to list all spells.
You conjure some foxfire!
The worm bites you!
Ouch! That really hurt!
You die...

......# ..... .....
... (.. #.# #.#
.#w#########
....>#@v.......#
.....#########.#
....#.. ..# #.#
...#.###.# #.#
##.#...#.###.#
######†...........#
#......†..........#
#.####...........†#
#.# #............#


You could see a worm.

Vanquished Creatures
  A dart slug (D:2)
  A leopard gecko (D:2)
  4 giant cockroaches
  4 goblins (D:1)
  A hobgoblin (D:1)
  2 jackals (D:1)
  8 bats
  2 frilled lizards (D:1)
  3 kobolds (D:1)
  A rat (D:2)
27 creatures vanquished.

Vanquished Creatures (others)
  91 foxfires
91 creatures vanquished.

Grand Total: 118 creatures vanquished

Notes
Turn   | Place    | Note
-------+----------+-------------------------------------------
     0 | D:1      | robertstho the Deep Elf Fire Elementalist began the quest
                  | for the Orb.
     0 | D:1      | Reached XP level 1. HP: 10/10 MP: 6/6
   267 | D:1      | Reached XP level 2. HP: 15/15 MP: 5/8
  1223 | D:2      | Found a bloodstained altar of Trog.
  1282 | D:2      | Reached XP level 3. HP: 11/19 MP: 6/10
  1474 | D:2      | Mangled by a worm

Illustrated notes

Levels and vault maps discovered:
D:1:      ncdulo_halloftheorcs, layout_loops_ring, minmay_misc_feat_rows
D:2:      layout_basic, trog_book

Skill      XL: |  1  2 |
---------------+-------+-----
Dodging        | 3 |  3.0
Stealth        | |  2.5
Spellcasting   | |  3.6
Conjurations   | |  1.2
Fire Magic     | |  3.9

Action                   || total
-------------------------++-------
Melee: Unarmed           ||     2
       Dagger            ||    20
 Cast: Foxfire           ||    68
Armor: Robe              ||    15
Dodge: Dodged            ||    43

Table legend: (Time is in decaauts)
 A = Elapsed time spent in this place.
 B = Non-inter-level travel time spent in this place.
 C = Inter-level travel time spent in this place.
 D = Time resting spent in this place.
 E = Time spent auto-exploring this place.
 F = Levels seen in this place.
 G = Mean time per level.
                   A        B        C        D        E       F      G
               +--------+--------+--------+--------+--------+-----+--------+
         Total |   1473 |   1443 |     30 |      0 |   1218 |   2 |  736.5 |
       Dungeon |   1473 |   1443 |     30 |      0 |   1218 |   2 |  736.5 |
               +--------+--------+--------+--------+--------+-----+--------+

Top non-repeatable levels by time:
     D:1: 1151 daAuts
     D:2: 321 daAuts
